 Dungeon Crawl Stone Soup version 0.21.1 (webtiles) character file.

145 JeffiDaFish the Shield-Bearer (level 5, 0/32 HPs)
             Began as a Gargoyle Fighter on Feb 3, 2018.
             Slain by Draznyth's ghost (6 damage)
             ... on level 3 of the Dungeon.
             The game lasted 00:04:13 (1932 turns).

JeffiDaFish the Shield-Bearer (Gargoyle Fighter)    Turns: 1932, Time: 00:04:14

Health: 0/32       AC: 10    Str: 25    XL:     5   Next: 27%
Magic:  5/5        EV:  8    Int:  8    God:
Gold:   117        SH: 10    Dex: 10    Spells: 4/4 levels left

rFire    . . .     SeeInvis .   a - +0 flail
rCold    . . .     Gourm    .   c - +0 shield
rNeg     + . .     Faith    .   b - +0 scale mail
rPois    ∞         Spirit   .   (no helmet)
rElec    +         Reflect  .   (no cloak)
rCorr    .         Harm     .   (no gloves)
MR       .....                  (no boots)
Stlth    ..........             (no amulet)
HPRegen  0.10/turn              (no ring)
MPRegen  0.09/turn              (no ring)

@: mighty
A: negative energy resistance 1, electricity resistance, unbreathing,
petrification resistance, rot immunity, AC +4
a: no special abilities


You were on level 3 of the Dungeon.
You were near starving.

You visited 1 branch of the dungeon, and saw 3 of its levels.

You collected 117 gold pieces.

Inventory:

Hand Weapons
 a - a +0 flail (weapon)
Armour
 b - a +0 scale mail (worn)
 c - a +0 shield (worn)
Scrolls
 h - 5 scrolls of identify
 j - 2 scrolls of teleportation
Potions
 e - a potion of haste
Comestibles
 f - 5 rations


   Skills:
 + Level 3.5 Fighting
 + Level 3.7 Maces & Flails
 + Level 3.5 Armour
 + Level 1.0 Dodging
 + Level 0.1 Stealth
 + Level 4.5 Shields


You had 4 spell levels left.
You didn't know any spells.

Dungeon Overview and Level Annotations

Branches:
Dungeon (3/15)

Altars:

Annotations:
D:3 Draznyth's ghost, amateur GrFi


Innate Abilities, Weirdness & Mutations

You are resistant to torment.
Your stone body is resilient. (AC +4)
You are immune to poison.
You resist negative energy. (rN+)
You are resistant to electric shocks. (rElec)
You can survive without breathing.
You are immune to petrification.
You are immune to rotting.


Message History

You are near starving!
You start resting.
HP restored.
You feel very mighty all of a sudden.
You climb downwards.
Level annotation: Draznyth's ghost, amateur GrFi Draznyth's ghost barely misses you.
There is a stone staircase leading up here.
You closely miss Draznyth's ghost. Draznyth's ghost hits you.
You hit Draznyth's ghost.
Draznyth's ghost is lightly damaged.
Draznyth's ghost hits you! x2
You hit Draznyth's ghost.
Draznyth's ghost is lightly damaged.
Draznyth's ghost hits you.
* * * LOW HITPOINT WARNING * * *
You barely miss Draznyth's ghost.
Draznyth's ghost is lightly damaged.
Draznyth's ghost hits you.
You die...

..##.## ......)
)...... ..?....
..).. ####
#?..#...####
#...........
#...@.......
#...W.......
#..............
...............
...............
.......(.......
#########......
######


You could see Draznyth's ghost.

Vanquished Creatures
  A bullfrog (D:2)
  A gnoll (D:1)
  3 adders (D:2)
  A worm (D:2)
  A dart slug (D:1)
  A leopard gecko (D:2)
  3 bats (D:1)
  2 giant cockroaches (D:2)
  3 goblins (D:1)
  4 hobgoblins
  2 jackals (D:2)
  3 quokkas (D:2)
  5 frilled lizards
  8 kobolds
  3 rats
41 creatures vanquished.

Notes
Turn   | Place    | Note
-------+----------+-------------------------------------------
     0 | D:1      | JeffiDaFish the Gargoyle Fighter began the quest for the Orb.
     0 | D:1      | Reached XP level 1. HP: 14/14 MP: 1/1
   119 | D:1      | Reached XP level 2. HP: 16/19 MP: 2/2
   349 | D:1      | Reached XP level 3. HP: 20/23 MP: 3/3
  1215 | D:2      | Reached skill level 4 in Shields
  1215 | D:2      | Reached XP level 4. HP: 25/28 MP: 4/4
  1613 | D:3      | Noticed a bullfrog
  1613 | D:3      | Noticed Draznyth's ghost (amateur GrFi)
  1717 | D:2      | Killed a bullfrog
  1717 | D:2      | Reached skill level 1 in Dodging
  1717 | D:2      | Reached XP level 5. HP: 11/32 MP: 5/5
  1932 | D:3      | Slain by Draznyth's ghost

Skill      XL: |  1  2  3  4 |
---------------+-------------+-----
Maces & Flails | 3 |  3.7
Shields        | 4 |  4.5
Dodging        | 1 |  1.0
Fighting       | |  3.5
Armour         | |  3.5
Stealth        | |  0.1

Action                   |  1- 3 |  4- 6 || total
-------------------------+-------+-------++-------
Melee: Flail             |   177 |    49 ||   226
  Use: Scroll            |     6 |     1 ||     7
       Potion            |     5 |     1 ||     6
  Eat: Chunk             |     1 |     1 ||     2
Armor: Scale mail        |   116 |    22 ||   138
Dodge: Dodged            |    59 |    13 ||    72
Block: Shield            |   109 |    31 ||   140
